 Dungeon Crawl Stone Soup version 0.25-a0-576-g50b708a4c4 (webtiles) character file.

Game seed: 12729425166040924603, levelgen mode: deterministic

417403 Flugslaktarn the Slayer (level 22, -4/232 HPs)
             Began as a Deep Dwarf Fighter on Mar 1, 2020.
             Was the Champion of Makhleb.
             Killed from afar by Ylaviv the pandemonium lord (38 damage)
             ... with a great blast of fire
             ... on level 4 of the Realm of Zot.
             The game lasted 00:22:30 (18359 turns).

Flugslaktarn the Slayer (Deep Dwarf Fighter)       Turns: 18359, Time: 00:22:31

Health: -4/232     AC: 29    Str: 27    XL:     22   Next: 27%
Magic:  1/1        EV:  7    Int: 10    God:    Makhleb [******]
Gold:   2067       SH: 34    Dex: 12    Spells: 21/21 levels left

rFire    + + +     SeeInvis .   J - +8 broad axe (freeze)
rCold    + . .     Gourm    .   I - +5 tower shield {rC+ rF+}
rNeg     + + +     Faith    .   Q - +6 plate armour of Hepliaklqana's Whim {rF+ Str-4 Int+2 Dex+4}
rPois    +         Spirit   .   (helmet restricted)
rElec    .         Reflect  +   N - +0 cloak {rF+}
rCorr    .         Harm     .   i - +2 pair of gloves {archery}
MR       ++++.                  p - +0 pair of boots
Stlth    ..........             K - amulet "Homaedo" {Reflect +Inv rPois rN++ Dex-4 SH+6}
HPRegen  0.00/turn              B - +4 ring of strength
MPRegen  0.07/turn              m - ring of protection from magic

@: about to teleport, berserk cooldown, non-regenerating, slowed, very slow
A: damage resistance, heal wounds, horns 1, molten scales 1, deformed body,
dopey 1, low mp 1, negative energy resistance 1, sense surroundings 3, weak 1,
subdued magic 2, no regeneration
0: Orb of Zot
}: 3/15 runes: decaying, serpentine, silver
a: Heal Wounds, Minor Destruction, Lesser Servant of Makhleb, Major Destruction,
Greater Servant of Makhleb, Renounce Religion, Evoke Invisibility


You were on level 4 of the Realm of Zot.
You worshipped Makhleb.
Makhleb was exalted by your worship.
You were not hungry.

You visited 8 branches of the dungeon, and saw 43 of its levels.
You also visited: Sewer, Bailey and Volcano.

You collected 2501 gold pieces.
You spent 434 gold pieces at shops.

Inventory:

Hand Weapons
 F - a +2 broad axe of flaming
   (You took it off a hell knight in a volcano)
 J - a +8 broad axe of freezing (weapon)
   (You acquired it in a bailey)
Armour
 i - a +2 pair of gloves of archery (worn)
   (You bought it in a shop on level 7 of the Dungeon)
 l - a scarf of cloud immunity
   (You found it on level 13 of the Dungeon)
 p - a +0 pair of boots (worn)
   (You found it on level 8 of the Dungeon)
 I - a +5 tower shield of resistance (worn)
   (You acquired it in a bailey)
 N - a +0 cloak of fire resistance (worn)
   (You found it in a volcano)
 Q - the +6 plate armour of Hepliaklqana's Whim (worn) {rF+ Str-4 Int+2 Dex+4}
   (You found it on level 3 of the Lair of Beasts)

   It affects your strength (-4).
   It affects your intelligence (+2).
   It affects your dexterity (+4).
   It protects you from fire.
   If you remove this armour, your AC will decrease by 20 (29 -> 9).
Jewellery
 c - an uncursed ring of protection from cold
   (You found it on level 10 of the Dungeon)
 m - a ring of protection from magic (right hand)
   (You found it on level 1 of the Swamp)
 B - a +4 ring of strength (left hand)
   (You took it off an orc priest on level 11 of the Dungeon)
 K - the amulet "Homaedo" (around neck) {Reflect +Inv rPois rN++ Dex-4 SH+6}
   (You found it on level 1 of the Lair of Beasts)

   [amulet of reflection]

   It shields you and reflects attacks.
   It affects your dexterity (-4).
   It protects you from poison.
   It greatly protects you from negative energy.
   It lets you turn invisible.
   It affects your SH (+6).
 R - an uncursed ring of ice
   (You found it on level 5 of the Vaults)
Wands
 a - a wand of enslavement (8)
   (You found it on level 1 of the Realm of Zot)
 g - a wand of paralysis (12)
   (You found it on level 10 of the Dungeon)
 j - a wand of iceblast (4)
   (You took it off Ijyb on level 3 of the Dungeon)
 o - a wand of clouds (1)
   (You found it on level 7 of the Dungeon)
 v - a wand of digging (21)
   (You found it on level 7 of the Dungeon)
 D - a wand of acid (22)
   (You took it off Psyche on level 9 of the Dungeon)
Scrolls
 f - 2 scrolls of immolation
 k - 12 scrolls of remove curse
 r - 3 scrolls of identify
 t - 2 scrolls of teleportation
 z - 5 scrolls of blinking
 L - 3 scrolls of vulnerability
Potions
 b - 4 potions of mutation
 d - a potion of might
 h - a potion of haste
 n - 2 potions of resistance
 q - 6 potions of curing
 s - 5 potions of magic
 w - 4 potions of heal wounds
 x - 7 potions of brilliance
 A - 6 potions of stabbing
 C - a potion of cancellation
 E - 2 potions of degeneration
 H - 3 potions of lignification
 M - 2 potions of flight
 O - a potion of berserk rage
 P - 2 potions of ambrosia
Comestibles
 e - 39 rations


   Skills:
 * Level 21.3 Fighting
 - Level 18.0 Axes
 + Level 19.3 Armour
 + Level 19.3 Shields
 - Level 15.0 Invocations


You had 21 spell levels left.
You didn't know any spells.
Your spell library was empty.

Dungeon Overview and Level Annotations

Branches:
Dungeon (15/15)            Temple (1/1) D:4            Lair (4/6) D:10
  Swamp (4/4) Lair:3        Snake (4/4) Lair:4          Orc (0/2) D:11
 Vaults (5/5) D:14          Crypt (0/3) Vaults:3     Depths (5/5) D:15
    Zot (5/5) Depths:5      Sewer (visited)          Bailey (visited)
Volcano (visited)

Altars:
Ashenzari
Cheibriados
Dithmenos
Elyvilon
Fedhas
Gozag
Hepliaklqana
Kikubaaqudgha
Makhleb
Nemelex Xobeh
Okawaru
Qazlal
Ru
Sif Muna
Trog
Uskayaw
Vehumet
Wu Jian
Xom
Yredelemnul
Zin
The Shining One

Shops:
D:6 *   D:7 !**

Portals:
Abyss: Depths:4
Pandemonium: Depths:3
Ziggurat: Depths:4

Annotations:
D:9 2 transporters, Flugslaktarn's ghost, novice DDFi
Swamp:2 1 runed translucent door, Komuebb's ghost, journeyman DDFi


Innate Abilities, Weirdness & Mutations

You are resistant to damage.
You can heal yourself by infusing magical energy.
You resist negative energy. (rN+)
You passively map a large area around you.
You do not regenerate.
You have a pair of small horns on your head.
You are partially covered in molten scales. (AC +2)
Armour fits poorly on your strangely shaped body.
You are dopey. (Int -2)
Your magical capacity is low. (-10% MP)
You are weak. (Str -2)
Your spells are easier to cast, but less powerful.


Message History

You feel much better.
You are engulfed in blazing flames.
You resist.
The tentacled monstrosity is engulfed in blazing flames.
You block the tentacled monstrosity's attack. x3
The tentacled monstrosity constricts you.
Ylaviv gestures at you.
A raging storm of fire appears!
The great blast of fire engulfs you!! You partially resist.
* * * LOW HITPOINT WARNING * * *
The great blast of fire engulfs Ylaviv!!!
Ylaviv partially resists.
The great blast of fire engulfs the tentacled monstrosity!!!
The tentacled monstrosity partially resists.
The tentacled monstrosity dies! 2 fire vortices come into view.
You feel much better.
You are engulfed in blazing flames.
You resist.
* * * LOW HITPOINT WARNING * * *
Ylaviv gestures at you.
A raging storm of fire appears!
The great blast of fire engulfs you!!! You partially resist.
You die...

, , , ##...# , * .....#
#., ....#
#...##############....##
#..§....[...v○°[v°°.....
##.v...†......v°°.○.v...
#....§^....v..°vvv°....
** *
....§...§....°v○@°○°v...
,, , ,
.....v......vx○&vv○○....,
, ,
...[....(..v.○°°v○v○....
, ,
...##..x#.....#○°####^.#*
, ... #..§#.....#..# .# ,
* * #...###...#..# > #**
* , ,,, #. ,#..#, , , ,,
, #.,,#..# ,,, , , * * ,
*, ,


You could see Ylaviv, 16 fire vortices and a small abomination.

Vanquished Creatures
  4 orbs of fire
  An ancient lich (Zot:5)
  Mara (Vaults:2)
  Boris (Vaults:2)
  A shard shrike (Zot:5)
  A Killer Klown (Zot:5)
  A curse toe (Zot:5)
  A golden dragon (Depths:5)
  Jory (Vaults:2)
  An electric golem (Zot:5)
  2 Brimstone Fiends (Zot:5)
  3 tentacled monstrosities
  4 titans (Vaults:5)
  A lich (Vaults:5)
  21 Orb Guardians (Zot:5)
  Asterion (Vaults:1)
  3 quicksilver dragons
  2 death cobs
  2 acid blobs (Depths:5)
  A sphinx (Vaults:2)
  5 storm dragons
  2 shadow dragons
  2 tengu reavers
  Donald (Swamp:1)
  7 nagarajas (Snake:4)
  4 draconian monks
  An azure jelly (Depths:5)
  3 draconian knights
  2 deep elf sorcerers (Vaults:5)
  4 fire giants
  5 frost giants
  7 vault wardens
  An orc warlord (Bailey)
  3 draconian scorchers
  2 draconian shifters
  An angel (Vaults:3)
  2 draconian stormcallers
  3 draconian annihilators
  8 ironheart preservers
  5 very ugly things (Vaults:4)
  A war gargoyle (Vaults:5)
  9 stone giants
  An entropy weaver (Vaults:2)
  8 black draconians
  6 green draconians
  9 red draconians
  A deep elf annihilator (Vaults:5)
  5 purple draconians
  4 yellow draconians
  2 pale draconians (Depths:5)
  7 white draconians
  7 ettins
  A green death (Depths:3)
  2 deep elf death magi (Vaults:5)
  10 yaktaur captains
  A deep elf high priest (Vaults:5)
  A great orb of eyes (Vaults:4)
  2 fire dragons (Vaults:2)
  A death ooze (Depths:5)
  A merfolk impaler (Depths:4)
  13 hydras
  The ghost of Usoigem the Basher, a journeyman GrBe of Trog (D:13)
  2 rakshasas
  6 ice dragons
  5 naga warriors
  31 vault guards
  6 anacondas
  2 ghost crabs (Swamp:4)
  5 centaur warriors
  3 death knights
  3 shambling mangroves
  A spriggan air mage (Depths:5)
  8 ogre magi
  11 alligators
  31 two-headed ogres
  6 deep troll shamans
  A spriggan berserker (Swamp:4)
  6 deep troll earth magi
  2 tengu warriors
  3 naga sharpshooters
  A hell knight (Volcano)
  Nergalle (Lair:1)
  3 shock serpents
  2 iron trolls (Depths:1)
  A storm dragon zombie (Depths:4)
  3 deep elf knights
  A sixfirhy (Zot:5)
  3 skeletal warriors
  2 unseen horrors
  13 deep trolls
  4 flayed ghosts
  9 swamp dragons
  A tengu zombie (Depths:4)
  A deep elf archer (Vaults:2)
  5 naga ritualists
  A phantasmal warrior (Vaults:3)
  A glowing orange brain (Vaults:1)
  12 ironbrand convokers
  2 wizards
  2 deep elf magi
  8 orc knights
  4 necromancers
  5 mana vipers
  A wolf spider (Vaults:1)
  3 salamanders (Snake:1)
  5 cyclopes
  15 ugly things
  18 elephants
  16 moths of wrath
  A frost giant skeleton (Depths:4)
  A black mamba (shapeshifter) (D:13)
  A smoke demon (Volcano)
  Joseph (D:10)
  21 black mambas
  8 vault sentinels
  Psyche (D:9)
  A guardian serpent (Snake:1)
  12 naga magi
  14 spiny frogs
  2 gargoyles (D:13)
  3 rime drakes
  Maggie (D:10)
  4 komodo dragons
  An elf (Vaults:2)
  27 yaktaurs
  5 freezing wraiths
  An ice devil (Depths:3)
  A tengu conjurer (D:15)
  4 trolls
  3 tyrant leeches (Swamp:1)
  11 hornets
  3 red devils
  A raiju (shapeshifter) (Vaults:5)
  9 slime creatures
  7 hippogriffs
  2 bog bodies
  5 blink frogs (Lair:2)
  A frost giant simulacrum (Depths:4)
  3 water elementals (Depths:4)
  A tarantella (Vaults:2)
  A spriggan (Swamp:3)
  3 shadows
  8 humans
  An elf simulacrum (Depths:4)
  5 wyverns
  3 wraiths
  3 fire bats (Lair:2)
  2 hogs (D:10)
  A neqoxec (Zot:5)
  14 yaks
  A chaos spawn (Zot:5)
  An elf zombie (Depths:4)
  A hungry ghost (D:13)
  3 steam dragons (Depths:5)
  9 vampire mosquitoes
  Grum (D:9)
  3 swamp worms
  3 wargs
  31 nagas
  6 water moccasins
  2 soldier ants
  9 insubstantial wisps (Swamp:2)
  6 hell hounds
  2 porcupines (Lair:1)
  11 swamp drakes
  An ice beast (D:10)
  18 orc warriors
  3 boggarts (Depths:1)
  A phantom (D:9)
  4 black bears
  23 ogres
  10 wolves
  A tengu (shapeshifter) (Depths:1)
  A necrophage (D:8)
  10 centaurs
  6 crocodiles
  2 big kobolds
  9 bullfrogs
  2 glowing shapeshifter simulacra (Depths:4)
  A wyvern skeleton (D:9)
  4 scorpions
  A water moccasin skeleton (D:10)
  13 killer bees
  A howler monkey (D:8)
  5 wights (D:9)
  6 crimson imps
  2 centaur zombies
  A human simulacrum (Vaults:3)
  A quasit (Depths:2)
  7 orc priests
  5 bullfrog skeletons
  12 orc wizards
  8 hounds
  3 jellies
  3 centaur skeletons
  Ijyb (D:3)
  Terence (D:3)
  10 worker ants
  Natasha (twice) (D:3)
  3 iguanas
  2 hound skeletons
  A howler monkey zombie (D:10)
  A worker ant zombie (D:9)
  14 adders
  3 gnolls (Bailey)
  A river rat (Sewer)
  2 shadow imps
  2 oozes
  An ufetubus (Depths:2)
  2 adder zombies
  An adder skeleton (D:4)
  A worm (D:4)
  A dart slug (D:1)
  3 leopard geckos
  71 orcs
  3 giant cockroaches
  7 hobgoblins
  11 jackals
  20 kobolds
  5 quokkas
  6 ball pythons
  A ball python zombie (D:6)
  10 bats
  12 frilled lizards
  4 goblins
  A leopard gecko skeleton (D:6)
  A quokka skeleton (D:6)
  8 rats
  A fungus (Lair:3)
  4 plants
1156 creatures vanquished.

Vanquished Creatures (collateral kills)
  A nagaraja (Snake:4)
  An angel (Vaults:3)
  A vault guard (Vaults:3)
  A naga warrior (Snake:4)
  An anaconda (Snake:4)
  A death knight (Vaults:3)
  A two-headed ogre (Vaults:3)
  A naga sharpshooter (Snake:4)
  A mana viper (Snake:4)
  A naga mage (Snake:4)
  2 black mambas (Snake:4)
  5 nagas (Snake:4)
  An ogre (Vaults:3)
18 creatures vanquished.

Vanquished Creatures (others)
  A tentacled monstrosity (Zot:4)
  A storm dragon (Zot:4)
  A tengu reaver (Vaults:5)
  Frances (Swamp:1)
  A fire giant (Depths:4)
  A draconian knight (Zot:5)
  A yaktaur captain (Vaults:2)
  A naga warrior (Snake:4)
  A spriggan berserker (Swamp:4)
  A spriggan druid (Swamp:4)
  A sixfirhy (Zot:5)
  A lindwurm (shapeshifter) (Vaults:5)
  A cyclops (D:11)
  2 moths of wrath
  A vault sentinel (Vaults:4)
  An orange demon (Depths:3)
  10 yaktaurs
  A hellwing (Zot:4)
  A spriggan (Swamp:1)
  2 redbacks (Vaults:2)
  A naga (Snake:4)
  An orc warrior (Vaults:5)
  A small abomination (Zot:4)
  2 centaurs (D:13)
  An orc wizard (D:7)
  An orc (D:11)
  4 kobolds (Bailey)
  2 fire vortices (Zot:4)
  A plant (Lair:1)
45 creatures vanquished.

Grand Total: 1219 creatures vanquished

Notes
Turn   | Place    | Note
-------+----------+-------------------------------------------
     0 | D:1      | Flugslaktarn the Deep Dwarf Fighter began the quest for the
                  | Orb.
     0 | D:1      | Reached XP level 1. HP: 20/20 MP: 1/1
    58 | D:2      | Reached XP level 2. HP: 17/27 MP: 2/2
   222 | D:2      | Reached XP level 3. HP: 22/33 MP: 3/3
   259 | D:3      | Reached skill level 3 in Fighting
   263 | D:3      | Noticed Ijyb
   274 | D:3      | Killed Ijyb
   421 | D:3      | Reached XP level 4. HP: 40/42 MP: 4/4
   551 | D:4      | Found an opulent altar of Gozag.
   589 | D:4      | Found a glowing drain.
   624 | D:4      | Found a staircase to the Ecumenical Temple.
   634 | Temple   | Entered the Ecumenical Temple
   825 | Sewer    | Entered a sewer
   837 | Sewer    | Reached XP level 5. HP: 48/49 MP: 5/5
  1472 | D:4      | Found a sacrificial altar of Ru.
  1624 | D:5      | Entered Level 5 of the Dungeon
  1631 | D:5      | Reached XP level 6. HP: 42/57 MP: 6/6
  2054 | D:6      | Reached skill level 5 in Axes
  2115 | D:6      | Found Eczauwae's Assorted Antiques.
  2121 | D:6      | Bought a scroll labeled ROLUNG RIKI for 28 gold pieces
  2121 | D:6      | Bought a scroll labeled DALOZA QETOE for 28 gold pieces
  2165 | D:6      | Reached skill level 4 in Fighting
  2255 | D:6      | Reached XP level 7. HP: 40/64 MP: 7/7
  2275 | D:6      | Reached skill level 5 in Armour
  2519 | D:7      | Found Inkapism's General Store.
  2541 | D:7      | Found Piukekia's General Store.
  2550 | D:7      | Found a sacrificial altar of Ru.
  2595 | D:7      | Noticed a hippogriff
  2615 | D:7      | Killed a hippogriff
  2615 | D:7      | Reached skill level 5 in Shields
  2703 | D:7      | Found Vellor's Distillery.
  2713 | D:7      | HP: 2/66 [orc warrior/+0 short sword (7)]
  2730 | D:7      | Reached XP level 8. HP: 43/73 MP: 7/7
  2760 | D:7      | Found a sparkling altar of Nemelex Xobeh.
  2762 | D:7      | Bought a potion of mutation for 120 gold pieces
  2880 | D:7      | Found a sand-covered staircase.
  3021 | D:8      | Noticed a hippogriff
  3045 | D:8      | Killed a hippogriff
  3045 | D:8      | Reached skill level 5 in Fighting
  3120 | D:8      | Found a shimmering altar of Xom.
  3250 | D:8      | Noticed a two-headed ogre
  3263 | D:8      | Killed a two-headed ogre
  3263 | D:8      | Gained mutation: You passively map the area around you.
                  | [Deep Dwarf growth]
  3263 | D:8      | Reached XP level 9. HP: 32/82 MP: 6/6
  3662 | D:8      | Noticed a two-headed ogre
  3676 | D:8      | Killed a two-headed ogre
  3676 | D:8      | Reached skill level 6 in Fighting
  3886 | D:9      | Reached skill level 10 in Axes
  4036 | D:3      | Found a shattered altar of Ashenzari.
  4037 | D:3      | Found a bloodstained altar of Trog.
  4079 | D:3      | Noticed Natasha
  4087 | D:3      | Killed Natasha
  4207 | D:3      | Noticed Terence
  4212 | D:3      | Killed Terence
  4793 | D:3      | Noticed Natasha
  4798 | D:3      | Killed Natasha
  4881 | D:9      | Reached XP level 10. HP: 76/92 MP: 7/7
  4909 | D:9      | Noticed a two-headed ogre
  4918 | D:9      | Killed a two-headed ogre
  4958 | D:9      | Noticed Grum
  4985 | D:9      | Killed Grum
  5031 | D:9      | Noticed Psyche
  5041 | D:9      | Killed Psyche
  5113 | D:9      | Found a burning altar of Makhleb.
  5122 | D:9      | Became a worshipper of Makhleb the Destroyer
  5128 | D:9      | Reached skill level 7 in Fighting
  5247 | D:9      | Reached skill level 1 in Invocations
  5254 | D:9      | Noticed a white ugly thing
  5295 | D:9      | Killed a white ugly thing
  5418 | D:9      | Noticed a two-headed ogre
  5426 | D:9      | Killed a two-headed ogre
  5457 | D:9      | Found a transporter.
  5530 | D:9      | Found a transporter.
  5530 | D:9      | Identified the +9 great mace of Fury {protect, MR+}
  5530 | D:9      | Noticed a two-headed ogre
  5532 | D:9      | Noticed Flugslaktarn's ghost (novice DDFi)
  5534 | D:9      | Noticed a two-headed ogre
  5631 | D:10     | Entered Level 10 of the Dungeon
  5644 | D:10     | Found a flagged portal.
  5650 | D:10     | Noticed Maggie
  5657 | D:10     | Reached * piety under Makhleb
  5680 | D:10     | Killed Maggie
  5731 | D:10     | Killed an unseen horror
  5731 | D:10     | Reached XP level 11. HP: 36/100 MP: 9/9
  5811 | D:10     | Found a staircase to the Lair.
  5836 | D:10     | Got a smoking hand axe
  5838 | D:10     | Identified the +8 hand axe of Ymearukhlyice {holy, Dex+5}
                  | (You found it on level 10 of the Dungeon)
  5840 | Bailey   | Entered a bailey
  5846 | Bailey   | Noticed an orc warlord
  5926 | Bailey   | Found a runed translucent gate.
  5928 | Bailey   | Found a runed translucent gate.
  5930 | Bailey   | Found a runed translucent gate.
  6039 | Bailey   | Killed an orc warlord
  6081 | Bailey   | Identified 2 scrolls of acquirement
  6083 | Bailey   | Identified the +5 demon whip "Lemuob" {pain, Dex+4} (You
                  | acquired it in a bailey)
  6083 | Bailey   | Identified the ring "Ramin" {rC- rN+ EV+4 Str+4 Int+4} (You
                  | acquired it in a bailey)
  6165 | D:10     | Reached ** piety under Makhleb
  6325 | D:10     | Noticed Joseph
  6334 | D:10     | Killed Joseph
  6413 | Lair:1   | Entered Level 1 of the Lair of Beasts
  6459 | Lair:1   | Noticed Nergalle
  6469 | Lair:1   | Killed Nergalle
  6469 | Lair:1   | Reached skill level 8 in Fighting
  6469 | Lair:1   | Reached skill level 5 in Invocations
  6476 | Lair:1   | Got a faintly glowing jade amulet
  6478 | Lair:1   | Identified the amulet "Homaedo" {Reflect +Inv rPois rN++
                  | Dex-4 SH+6} (You found it on level 1 of the Lair of Beasts)
  6521 | Lair:1   | Noticed a five-headed hydra
  6565 | Lair:1   | HP: 5/103 [16-headed hydra (4)]
  6565 | Lair:1   | HP: 1/103 [16-headed hydra (4)]
  6878 | Lair:2   | Found a dark tunnel.
  6879 | Lair:2   | Reached XP level 12. HP: 112/112 MP: 11/11
  6889 | Volcano  | Entered a volcano
  6977 | Volcano  | Reached *** piety under Makhleb
  7016 | Volcano  | Reached skill level 10 in Armour
  7016 | Volcano  | Reached skill level 10 in Shields
  7066 | Volcano  | Reached skill level 9 in Fighting
  7796 | Lair:3   | Found a staircase to the Swamp.
  7829 | Lair:3   | Got a heavily runed plate armour
  7840 | Lair:3   | Identified the +6 plate armour of Hepliaklqana's Whim {rF+
                  | Str-4 Int+2 Dex+4} (You found it on level 3 of the Lair of
                  | Beasts)
  7957 | Lair:3   | Reached skill level 10 in Fighting
  7970 | Lair:3   | Reached **** piety under Makhleb
  8401 | Swamp:1  | Entered Level 1 of the Swamp
  8438 | Swamp:1  | Reached XP level 13. HP: 86/123 MP: 14/14
  8767 | Swamp:1  | Noticed Frances
  8775 | Swamp:1  | Killed Frances
  8854 | Swamp:1  | Paralysed by a hornet for 3 turns
  8884 | Swamp:1  | Noticed Donald
  8908 | Swamp:1  | Killed Donald
  8916 | Swamp:2  | Found a runed translucent door.
  8947 | Swamp:2  | Noticed Komuebb's ghost (journeyman DDFi)
  8978 | Swamp:2  | Reached skill level 11 in Fighting
  9039 | Swamp:4  | Entered Level 4 of the Swamp
  9206 | Swamp:4  | Reached skill level 15 in Axes
  9333 | Swamp:4  | Gained mutation: You resist negative energy. (rN+) [Deep
                  | Dwarf growth]
  9333 | Swamp:4  | Reached XP level 14. HP: 78/135 MP: 7/7
  9343 | Swamp:4  | Reached ***** piety under Makhleb
  9366 | Swamp:4  | Reached skill level 10 in Invocations
  9466 | Swamp:4  | Got a decaying rune of Zot
  9723 | Lair:4   | Reached skill level 12 in Fighting
  9846 | Lair:4   | Found a staircase to the Snake Pit.
  9901 | Snake:1  | Entered Level 1 of the Snake Pit
 10268 | Snake:2  | Reached XP level 15. HP: 146/146 MP: 9/9
 10378 | Snake:4  | Entered Level 4 of the Snake Pit
 10507 | Snake:4  | Noticed a nagaraja
 10529 | Snake:4  | Killed a nagaraja
 10599 | Snake:4  | Noticed a nagaraja
 10604 | Snake:4  | Killed a nagaraja
 10615 | Snake:4  | Noticed a nagaraja
 10617 | Snake:4  | Noticed a nagaraja
 10624 | Snake:4  | Killed a nagaraja
 10650 | Snake:4  | Killed a nagaraja
 10658 | Snake:4  | Reached skill level 13 in Fighting
 10690 | Snake:4  | Noticed a nagaraja
 10708 | Snake:4  | Noticed a nagaraja
 10721 | Snake:4  | Noticed an Executioner
 10725 | Snake:4  | HP: 7/147 [poisoned by a naga warrior (splash of poison)]
 10739 | Snake:4  | Noticed a nagaraja
 10744 | Snake:4  | Killed a nagaraja
 10746 | Snake:4  | Killed a nagaraja
 10763 | Snake:4  | Killed a nagaraja
 10861 | Snake:4  | Got a serpentine rune of Zot
 10873 | Snake:4  | Noticed a nagaraja
 10889 | Snake:4  | Killed a nagaraja
 11307 | D:11     | Reached ****** piety under Makhleb
 11314 | D:11     | Found a staircase to the Orcish Mines.
 11398 | D:11     | Reached XP level 16. HP: 157/157 MP: 5/5
 11697 | D:13     | Noticed Usoigem's ghost (journeyman GrBe)
 11699 | D:13     | Found a runed translucent gate.
 11699 | D:13     | Found a runed translucent gate.
 11699 | D:13     | Found a runed translucent gate.
 11926 | D:13     | Killed Usoigem's ghost
 12437 | D:7      | Bought a +2 pair of gloves of archery for 258 gold pieces
 13039 | D:14     | Found a gate to the Vaults.
 13049 | Vaults:1 | Entered Level 1 of the Vaults
 13091 | Vaults:1 | Noticed Asterion
 13114 | Vaults:1 | Killed Asterion
 13173 | Vaults:1 | Reached skill level 14 in Fighting
 13320 | Vaults:1 | You fall into a shaft and drop 1 floor!
 13375 | Vaults:2 | Noticed Boris
 13413 | Vaults:2 | Killed Boris
 13447 | Vaults:2 | Reached XP level 17. HP: 136/168 MP: 7/7
 13709 | Vaults:2 | Noticed Mara
 13716 | Vaults:2 | Noticed Flugslaktarn's illusion
 13738 | Vaults:2 | Killed Mara
 13775 | Vaults:2 | Reached skill level 15 in Fighting
 13883 | Vaults:2 | Noticed Jory
 13922 | Vaults:2 | Killed Jory
 14038 | Vaults:3 | Found a white marble altar of Elyvilon.
 14047 | Vaults:3 | Found a ruined gateway.
 14049 | Vaults:3 | Found a glowing silver altar of Zin.
 14049 | Vaults:3 | Found a glowing golden altar of the Shining One.
 14300 | Vaults:3 | Found a staircase to the Crypt.
 14446 | Vaults:3 | Gained mutation: You passively map a large area around you.
                  | [Deep Dwarf growth]
 14446 | Vaults:3 | Reached XP level 18. HP: 181/181 MP: 8/8
 14553 | Vaults:3 | Reached skill level 15 in Invocations
 14559 | Vaults:3 | Reached skill level 15 in Armour
 14592 | Vaults:3 | Reached skill level 16 in Fighting
 14592 | Vaults:3 | Reached skill level 15 in Shields
 14824 | Vaults:5 | Entered Level 5 of the Vaults
 14915 | Vaults:5 | Noticed a lich
 14925 | Vaults:5 | Killed a lich
 14957 | Vaults:5 | Reached skill level 17 in Fighting
 14993 | Vaults:5 | Noticed a tentacled monstrosity
 15008 | Vaults:5 | Killed a tentacled monstrosity
 15223 | Vaults:5 | Reached XP level 19. HP: 172/193 MP: 9/9
 15417 | Vaults:5 | Got a silver rune of Zot
 15807 | D:15     | Entered Level 15 of the Dungeon
 15835 | D:15     | Reached skill level 18 in Fighting
 15850 | D:15     | Found a staircase to the Depths.
 15899 | Depths:1 | Entered Level 1 of the Depths
 16307 | Depths:3 | Found a one-way gate leading to the halls of Pandemonium.
 16629 | Depths:4 | Found a one-way gate to the infinite horrors of the Abyss.
 16662 | Depths:4 | Found a gateway to a ziggurat.
 16784 | Depths:4 | Reached XP level 20. HP: 205/205 MP: 10/10
 16817 | Depths:5 | Entered Level 5 of the Depths
 16889 | Depths:5 | HP: 8/206 [tentacled monstrosity (8)]
 17134 | Depths:5 | Reached skill level 19 in Fighting
 17153 | Depths:5 | Noticed a golden dragon
 17165 | Depths:5 | Killed a golden dragon
 17172 | Depths:5 | Found a gate to the Realm of Zot.
 17182 | Zot:1    | Entered Level 1 of the Realm of Zot
 17441 | Zot:2    | Found the +7 Kryia's mail coat {PotionHeal*2 rC+}
 17513 | Zot:2    | Noticed an orb of fire
 17521 | Zot:2    | Gained mutation: Your spells are a little easier to cast,
                  | but a little less powerful. [an orb of fire]
 17527 | Zot:2    | Gained mutation: You are clumsy. (Dex -2) [an orb of fire]
 17530 | Zot:2    | Gained mutation: Scrolls take you a little longer to read.
                  | [an orb of fire]
 17543 | Zot:2    | Killed an orb of fire
 17605 | Zot:3    | Lost mutation: Scrolls take you a little longer to read.
                  | [potion of mutation]
 17605 | Zot:3    | Lost mutation: Your spells are a little easier to cast, but
                  | a little less powerful. [potion of mutation]
 17605 | Zot:3    | Lost mutation: You are clumsy. (Dex -2) [potion of
                  | mutation]
 17605 | Zot:3    | Gained mutation: Your spells are a little easier to cast,
                  | but a little less powerful. [potion of mutation]
 17605 | Zot:3    | Gained mutation: You are dopey. (Int -2) [potion of
                  | mutation]
 17605 | Zot:3    | Gained mutation: You are partially covered in molten
                  | scales. (AC +2) [potion of mutation]
 17605 | Zot:3    | Gained mutation: You have a pair of small horns on your
                  | head. [potion of mutation]
 17718 | Zot:4    | Reached XP level 21. HP: 218/218 MP: 7/7
 17779 | Zot:5    | Entered Level 5 of the Realm of Zot
 17789 | Zot:4    | Reached skill level 20 in Fighting
 17858 | Zot:5    | Noticed an ancient lich
 17880 | Zot:5    | Killed an ancient lich
 17898 | Zot:5    | Noticed a Killer Klown
 17902 | Zot:5    | Noticed a Killer Klown
 17914 | Zot:5    | Noticed an orb of fire
 17919 | Zot:5    | Gained mutation: Your spells are easier to cast, but less
                  | powerful. [an orb of fire]
 17921 | Zot:5    | Noticed an orb of fire
 17929 | Zot:5    | Noticed a curse toe
 17932 | Zot:5    | Gained mutation: You are weak. (Str -2) [an orb of fire]
 17935 | Zot:5    | Noticed a shard shrike
 17935 | Zot:5    | a Killer Klown changed into a shard shrike
 17944 | Zot:5    | Killed a Killer Klown
 17944 | Zot:5    | Gained mutation: Armour fits poorly on your strangely
                  | shaped body. [an orb of fire]
 17945 | Zot:5    | Lost mutation: You are weak. (Str -2) [an orb of fire]
 17946 | Zot:5    | Killed an orb of fire
 17948 | Zot:5    | Killed a shard shrike
 17949 | Zot:5    | Gained mutation: Your magical capacity is low. (-10% MP)
                  | [an orb of fire]
 17950 | Zot:5    | Gained mutation: You are weak. (Str -2) [an orb of fire]
 17951 | Zot:5    | Killed an orb of fire
 17960 | Zot:5    | Killed a curse toe
 17983 | Zot:5    | Noticed an orb of fire
 17995 | Zot:5    | Killed an orb of fire
 18036 | Zot:5    | Reached skill level 21 in Fighting
 18062 | Zot:5    | Reached XP level 22. HP: 197/232 MP: 4/4
 18065 | Zot:5    | Got the Orb of Zot
 18244 | Zot:5    | Noticed Keaz the pandemonium lord
 18244 | Zot:5    | Noticed an ancient lich
 18349 | Zot:4    | Noticed Ylaviv the pandemonium lord
 18354 | Zot:4    | HP: 7/232 [Ylaviv the pandemonium lord/great blast of fire
                  | (16)]
 18359 | Zot:4    | Killed from afar by Ylaviv the pandemonium lord

Levels and vault maps discovered:
D:1:      dpeg_arrival_rooms_c, layout_loops_cross,
          hangedman_abyss_or_decor_stabs, chequers_avenue
D:2:      layout_basic
D:3:      layout_loops_ring, gammafunk_temple_overflow_pools, uniq_terence,
          uniq_ijyb, uniq_natasha
D:4:      layout_loops_ring, lemuel_crystal_altar, lemuel_doored_altar,
          minmay_temple_entry_proselytizer, portal_sewer_entry_e
D:5:      layout_basic, first_ration
D:6:      layout_rooms, serial_shops, kennysheep_little_box,
          minmay_misc_feat_columns
D:7:      layout_rooms, nemelex_xobeh_ov_fountains_minmay, serial_shops,
          shop_statue, nicolae_shop_stone, nicolae_shop_statue_plus,
          chequers_ossuary_entry_cave, nicolae_ru_sacrificial_ziggurat
D:8:      layout_cave_pods, serial_column_ruins, column_ruins_hut_pillars,
          column_ruins_open_small_water, column_ruins_corridor_corner,
          column_ruins_grid_1, basic_altar, grunt_decor_mini_mirrors
D:9:      layout_small_grid, lemuel_coloured_pillars_altar,
          gammafunk_ghost_smash, minmay_mirror_moons_of_madness, uniq_grum,
          uniq_psyche
D:10:     layout_rooms, dpeg_oklobed_lair, serial_curves, eino_curves_02,
          eino_curves_01, enter_bailey_2, grunt_livestock, uniq_joseph,
          uniq_maggie
D:11:     layout_cave_pods, erik_orc_4, uniq_sonja
D:12:     layout_roguey, serial_shops,
          nicolae_shop_temple_entry_statues_fountains, nicolae_shop_waterfront,
          nicolae_shop_behind_doors, kennysheep_mini, shop, uniq_azrael
D:13:     layout_roguey, gammafunk_ghost_split
D:14:     layout_roguey, ximxim_vaults_locker_room, grunt_decor_fettered
D:15:     hangedman_depths_entry_civil_slaughter, layout_basic, basic_altar,
          skrybe_limestone_x, glass_columns_c
Temple:   eino_temple_rhombus
Lair:1:   layout_regular_city, st_stairs_10, serial_bayou_pond_a,
          grunt_megastairs_1, uniq_nergalle
Lair:2:   layout_big_grid, nicolae_volcano_entry_batcave
Lair:3:   layout_misc_corridors, swamp_mist, st_stairs_11,
          infiniplex_staircase_pool_2
Lair:4:   layout_hall_layers, dummy_snake_entry, infiniplex_staircase_pool
Swamp:1:  layout_basic_swamp, evilmike_swamp_ruin_house_1, st_swamp_mini,
          uniq_nikola, uniq_donald, uniq_frances
Swamp:2:  cheibrodos_swamp_monstrosity, layout_falls_marsh,
          gammafunk_ghost_grave, evilmike_swamp_ruin_house_6, swamp_pool1,
          uniq_louise
Swamp:3:  layout_falls_marsh, gammafunk_ghost_necromancy,
          evilmike_swamp_ruin_house_3
Swamp:4:  swamp_basic_johnstein, layout_basic_swamp
Snake:1:  layout_basic, gammafunk_ghost_split, grunt_ministairs_3,
          abandoned_shop
Snake:2:  layout_honeycomb
Snake:3:  layout_cave_town, hangedman_snake_pattern
Snake:4:  minmay_snake_end_coiled, layout_cave_town, serial_bayou_shore_b
Vaults:1: nicolae_vaults_ring_of_whatevers, v_misc_15,
          ontoclasm_vaults_ring_small, ontoclasm_vaults_misaligned,
          dpeg_vaults_waves, nicolae_vaults_ring_of_whatevers,
          ontoclasm_vaults_tryst, dpeg_vaults_monster_row,
          ontoclasm_vaults_loading_screen, layout_vaults_omnibox, serial_shops,
          shop, uniq_aizul, uniq_asterion
Vaults:2: v_pattern_3, vaults_dpeg_hooks, vaults_room_pools,
          nicolae_vaults_yaktaur_gun_rack, vaults_dpeg_doors,
          nicolae_vaults_what_the_h, nicolae_vaults_holding_cells,
          hangedman_vaults_stream, vaults_mumra_lcd, v_misc_23,
          nicolae_vaults_circle_grid_b, hangedman_vaults_snaps,
          nicolae_vaults_rhombus_7, nicolae_vaults_little_squares_4,
          nicolae_vaults_little_squares_4, layout_vaults_maze_snakey,
          uniq_boris, uniq_mara, uniq_jory
Vaults:3: minmay_crypt_entry_simple_sparse, ontoclasm_vaults_ring_large,
          grunt_vaults_bifocal, ontoclasm_vaults_twist,
          nicolae_vaults_puzzle_piece, v_misc_5, v_alt_pattern_4, v_misc_2,
          v_misc_16, nicolae_vaults_alarming, layout_vaults_ring,
          portal_desolation_entry_holy_temple
Vaults:4: ebering_vaults_ghost_xom, grunt_vaults_trifunnel,
          vaults_room_ringed_pool, nicolae_vaults_little_ls,
          hangedman_vaults_maws, v_alt_pattern_1, nicolae_vaults_puzzle_piece,
          ontoclasm_vaults_shuriken, v_alt_pattern_4, vaults_room_semicircle,
          nicolae_vaults_circle_grid_b, vaults_dpeg_encased_lava,
          layout_vaults_chaotic_city
Vaults:5: serial_shops
Depths:1: layout_gridlike, pf_hell_entry_great_geh, nicolae_wwwww,
          nemelex_diamond_rough_becter
Depths:2: cheibrodos_salmonella, layout_basic, grunt_pan_entry_sceptre,
          hell_entry, abyss_entry, infiniplex_staircase_spiral_double
Depths:3: thingy_vault_2, layout_basic, abyss_entry_small_statue_room,
          hangedman_coc_ice_floe, rand_demon_pan_entry_3,
          minmay_misc_feat_rugged, nzn_random_ring, minmay_staircase_statues,
          serial_bayou_shore_b
Depths:4: minmay_the_grid_square_5x5_3x3 [minmay_the_grid_square_5x5_lines,
          minmay_the_grid_square_5x5_three,
          minmay_the_grid_square_5x5_hourglass,
          minmay_the_grid_square_5x5_inner_z,
          minmay_the_grid_square_5x5_megaprize_crossed,
          minmay_the_grid_square_5x5_three_walls,
          minmay_the_grid_square_5x5_inverted_slash,
          minmay_the_grid_square_5x5_fancy_junction,
          minmay_the_grid_square_5x5_inset], layout_basic, enter_ziggurat_e,
          chequers_hall_statues_wall_a, pf_hell_entry_tar_spiral,
          hangedman_abyss_entry_splay, minmay_misc_feat_square,
          minmay_staircase_windowed_small
Depths:5: evilmike_zot_entry_gauntlet, layout_cave_shapes, special_room
          [special_room_jelly], serial_bayou_pond_e, hellmouth_1
Zot:1:    layout_basic
Zot:2:    layout_basic, ebering_ghost_xom, hangedman_zot_decor_tridents
Zot:3:    layout_twisted_circle
Zot:4:    layout_misc_corridors, nicolae_transmutations_shop
Zot:5:    layout_gridlike, grunt_ministairs_10

Skill      XL: |  1  2  3  4  5  6  7  8  9 10 11 12 13 14 15 16 17 18 19 20 21 |
---------------+----------------------------------------------------------------+-----
Axes           | 3 4 5 6 8 10 11 12 14 15 16 17 18 | 18.0
Fighting       | 3 4 5 6 7 8 10 11 12 13 14 15 17 18 19 21 | 21.3
Armour         | 4 5 6 7 9 10 11 12 13 14 16 17 18 19 | 19.3
Shields        | 4 5 6 7 9 10 11 12 13 14 16 17 18 19 | 19.3
Invocations    | 3 6 8 9 11 12 13 14 15 | 15.0

Action                   |  1- 3 |  4- 6 |  7- 9 | 10-12 | 13-15 | 16-18 | 19-21 | 22-24 || total
-------------------------+-------+-------+-------+-------+-------+-------+-------+-------++-------
Melee: War axe           |    86 |   210 |    80 |       |       |       |       |       ||   376
       Broad axe         |       |       |   195 |   589 |   985 |  1221 |  1052 |   168 ||  4210
       Hand axe          |       |       |       |    64 |       |       |       |       ||    64
       Headbutt          |       |       |       |       |       |       |    69 |    37 ||   106
Invok: Lesser Servant of |       |       |       |       |     1 |     1 |       |       ||     2
       Greater Servant o |       |       |       |       |     6 |       |       |       ||     6
 Abil: Heal Wounds       |     2 |     2 |    26 |    27 |    26 |     4 |    10 |    11 ||   108
Evoke: Wand              |       |       |       |    12 |       |       |       |       ||    12
  Use: Scroll            |       |       |    12 |    18 |     3 |    17 |    11 |     4 ||    65
       Potion            |       |       |       |     1 |     5 |       |     5 |     6 ||    17
 Stab: Distracted        |       |       |       |       |     4 |     1 |       |       ||     5
       Confused          |       |       |       |       |     2 |       |       |       ||     2
  Eat: Chunk             |       |     5 |     9 |    13 |     5 |    14 |    10 |       ||    56
       Ration            |       |       |       |       |     2 |       |       |     1 ||     3
Armor: Scale mail        |    54 |   112 |    37 |       |       |       |       |       ||   203
       Chain mail        |       |       |    78 |       |       |       |       |       ||    78
       Plate armour      |       |       |    78 |   333 |   608 |   362 |   379 |    81 ||  1841
Dodge: Dodged            |    23 |    64 |   113 |    92 |   117 |    89 |   115 |    19 ||   632
       Deflected         |       |       |     1 |    14 |       |       |       |       ||    15
Block: Kite shield       |    39 |   138 |   202 |   211 |       |       |       |       ||   590
       Tower shield      |       |       |       |   540 |  1450 |  1483 |  1303 |   269 ||  5045
       Reflection        |       |       |       |    54 |    71 |    99 |    35 |     3 ||   262

Table legend:
 A = Non-vault XP
 B = Vault XP
 C = Vault XP percentage of total XP
 D = Non-vault monster count
 E = Vault monster count
 F = Vault count percentage of total count
                 A         B        C        D         E       F
            +---------+---------+-------+---------+---------+-------
      Total |  381511 |  351246 |  47.9 |     823 |     370 |  31.0
            +---------+---------+-------+---------+---------+-------
        D:1 |       9 |       0 |   0.0 |       5 |       0 |   0.0
        D:2 |      90 |       0 |   0.0 |      19 |       0 |   0.0
        D:3 |      87 |     107 |  55.2 |      23 |       3 |  11.5
        D:4 |     165 |      43 |  20.7 |      11 |       1 |   8.3
        D:5 |      90 |       0 |   0.0 |       5 |       0 |   0.0
        D:6 |     369 |       0 |   0.0 |      25 |       0 |   0.0
        D:7 |     767 |       0 |   0.0 |      12 |       0 |   0.0
        D:8 |    3126 |       0 |   0.0 |      31 |       0 |   0.0
        D:9 |    3221 |    2043 |  38.8 |      28 |      13 |  31.7
       D:10 |    2466 |    1799 |  42.2 |      31 |       7 |  18.4
       D:11 |    3301 |     466 |  12.4 |      38 |      14 |  26.9
       D:12 |     333 |       0 |   0.0 |       7 |       0 |   0.0
       D:13 |    6304 |    2007 |  24.1 |      42 |       6 |  12.5
       D:14 |    7290 |    6353 |  46.6 |      24 |      12 |  33.3
       D:15 |    2734 |    3053 |  52.8 |       8 |       5 |  38.5
     Lair:1 |    2934 |    1425 |  32.7 |      14 |       6 |  30.0
     Lair:2 |    4607 |     591 |  11.4 |      17 |       3 |  15.0
     Lair:3 |    9305 |     411 |   4.2 |      31 |       1 |   3.1
     Lair:4 |    6672 |       0 |   0.0 |      16 |       0 |   0.0
    Swamp:1 |   11343 |    3749 |  24.8 |      19 |       2 |   9.5
    Swamp:2 |    3204 |       0 |   0.0 |      13 |       0 |   0.0
    Swamp:3 |     767 |       0 |   0.0 |       3 |       0 |   0.0
    Swamp:4 |   10529 |   15459 |  59.5 |      25 |      23 |  47.9
    Snake:1 |    6319 |    1095 |  14.8 |      13 |       2 |  13.3
    Snake:2 |    7922 |       0 |   0.0 |      14 |       0 |   0.0
    Snake:3 |    4117 |       0 |   0.0 |       9 |       0 |   0.0
    Snake:4 |   19884 |   20721 |  51.0 |      34 |      43 |  55.8
   Vaults:1 |   12294 |   15113 |  55.1 |      20 |      13 |  39.4
   Vaults:2 |   24702 |   37808 |  60.5 |      48 |      28 |  36.8
   Vaults:3 |   31266 |   12498 |  28.6 |      45 |      19 |  29.7
   Vaults:4 |   11890 |    2538 |  17.6 |      15 |       3 |  16.7
   Vaults:5 |   24063 |   71792 |  74.9 |      33 |      56 |  62.9
   Depths:1 |   22766 |       0 |   0.0 |      32 |       0 |   0.0
   Depths:2 |     864 |      53 |   5.8 |       1 |       2 |  66.7
   Depths:3 |    2196 |    2363 |  51.8 |       3 |       5 |  62.5
   Depths:4 |   21144 |       0 |   0.0 |      28 |       0 |   0.0
   Depths:5 |    6155 |   31895 |  83.8 |       7 |      24 |  77.4
      Zot:1 |   27698 |       0 |   0.0 |      19 |       0 |   0.0
      Zot:2 |   21122 |       0 |   0.0 |      11 |       0 |   0.0
      Zot:3 |    8843 |       0 |   0.0 |       7 |       0 |   0.0
      Zot:4 |   28269 |       0 |   0.0 |      22 |       0 |   0.0
      Zot:5 |   20284 |  112537 |  84.7 |      15 |      34 |  69.4
      Sewer |       0 |      38 | 100.0 |       0 |      14 | 100.0
     Bailey |       0 |    1982 | 100.0 |       0 |      24 | 100.0
    Volcano |       0 |    3307 | 100.0 |       0 |       7 | 100.0
            +---------+---------+-------+---------+---------+-------
